 Dungeon Crawl Stone Soup version 0.25-a0-479-g8579842fd4 (webtiles) character file.

Game seed: 3227685430169610204, levelgen mode: deterministic

0 Gargoyl the Skirmisher (level 1, 0/19 HPs)
             Began as a Centaur Abyssal Knight on Feb 9, 2020.
             Was a Follower of Lugonu.
             Slain by a tentacled starspawn (1 damage)
             ... on level 3 of the Abyss.
             The game lasted 00:01:17 (239 turns).

Gargoyl the Skirmisher (Centaur Abyssal Knight)      Turns: 239, Time: 00:01:19

Health: 0/19       AC:  5    Str: 13 (14) XL:     1   Next: 0%
Magic:  2/2        EV:  6    Int: 10 (11) God:    Lugonu [*.....]
Gold:   44         SH:  0    Dex:  7 (8)  Spells: 0/0 levels left

rFire    . . .     SeeInvis .   a - +1 hand axe
rCold    . . .     Gourm    .   (no shield)
rNeg     . . .     Faith    .   b - +0 leather armour
rPois    .         Spirit   .   (no helmet)
rElec    .         Reflect  .   f - +0 cloak
rCorr    .         Harm     .   (no gloves)
MR       .....                  (no barding)
Stlth    ..........             (no amulet)
HPRegen  0.06/turn              (no ring)
MPRegen  0.08/turn              (no ring)

@: berserk cooldown, slowed, constricted
A: large, hooves 3, deformed body, speed 2, tough skin 3
a: Depart the Abyss, Renounce Religion


You were on level 3 of the Abyss.
You worshipped Lugonu.
Lugonu was aware of your devotion.
You were not hungry.

You visited 0 branches of the dungeon, and saw 0 of its levels.
You visited the Abyss 1 time.

You collected 44 gold pieces.

Inventory:

Hand Weapons
 a - a +1 hand axe (weapon)
Armour
 b - a +0 leather armour (worn)
 f - a +0 cloak (worn)
Wands
 e - a wand of acid (11)
Miscellaneous
 d - a sack of spiders
Comestibles
 c - 2 rations


   Skills:
 + Level 3.0 Fighting
 + Level 1.7 Axes
 + Level 1.3 Armour
 + Level 0.6 Dodging
 + Level 2.0 Invocations


You couldn't memorise any spells.
You didn't know any spells.
Your spell library was empty.

Dungeon Overview and Level Annotations

Branches:
Dungeon (0/15)

Altars:


Innate Abilities, Weirdness & Mutations

You have hooves in place of feet.
Armour fits poorly on your strangely shaped body.
You cover ground very quickly.
You have extremely tough skin. (AC +3)


Message History

The tentacled starspawn closely misses you.
A tentacle flies out from the starspawn's body!
A starspawn tentacle comes into view.
A tentacle flies out from the starspawn's body!
A starspawn tentacle comes into view.
The starspawn tentacle closely misses you.
The starspawn tentacle grabs you.
* * * LOW HITPOINT WARNING * * *
The starspawn tentacle constricts you.
The starspawn tentacle's grasp on you weakens, but your attempt to escape fails.
The starspawn tentacle loses its grip on you.
The tentacle pulls you backwards! The starspawn tentacle grabs you.
* * * LOW HITPOINT WARNING * * *
The starspawn tentacle constricts you.
The starspawn tentacle's grasp on you weakens, but your attempt to escape fails.
The tentacled starspawn barely misses you.
The tentacled starspawn engulfs you but does no damage.
* * * LOW HITPOINT WARNING * * *
The starspawn tentacle constricts you. The tentacled starspawn bites you.
You die...

. . ..#. #. . ..#
..... ##.# .#..## .
.#...#..# ..# #.#..#
# ......#
..#.##..#.# ...#
..#..#.. .. ...# ..#
. ..#####..### .#
##..####.#.......#
##......#w.#####...#
#.#.#....#.@X....#
#### #..#
........#..#..# .
.....##...#...#..# .
. ...#..####..### .#
#.# ...# # ##.# ##
..#.. # . #.. . ###
..##. .. . ... #..
.... .. ... . ### .
. #.# ....


You could see a tentacled starspawn and a starspawn tentacle.

Vanquished Creatures (others)
  4 starspawn tentacles (Abyss:3)
4 creatures vanquished.

Notes
Turn   | Place    | Note
-------+----------+-------------------------------------------
     0 | Abyss:1  | Gargoyl the Centaur Abyssal Knight began the quest for the
                  | Orb.
     0 | Abyss:1  | Reached XP level 1. HP: 19/19 MP: 2/2
    60 | Abyss:2  | Noticed an Executioner
    70 | Abyss:2  | Noticed a ynoxinul
    93 | Abyss:2  | Noticed a small abomination
   181 | Abyss:2  | Noticed a large abomination
   191 | Abyss:3  | Found a corrupted altar of Lugonu.
   219 | Abyss:3  | Noticed a tentacled starspawn
   239 | Abyss:3  | Slain by a tentacled starspawn

Levels and vault maps discovered:
Abyss:3:  grunt_abyss_rune_wretched_hive

Action                   || total
-------------------------++-------
Melee: Hand axe          ||     2
  Use: Potion            ||     6
Armor: Leather armour    ||     1
Dodge: Dodged            ||     5

Table legend:
 A = Non-vault XP
 B = Vault XP
 C = Vault XP percentage of total XP
 D = Non-vault monster count
 E = Vault monster count
 F = Vault count percentage of total count
                 A         B        C        D         E       F
            +---------+---------+-------+---------+---------+-------
      Total |       0 |       0 |   N/A |       0 |       0 |  -nan
            +---------+---------+-------+---------+---------+-------
            +---------+---------+-------+---------+---------+-------
